 Dungeon Crawl Stone Soup version 0.27.0-1-g7a089689b8 (webtiles) character file.

Game seed: 10136453239849308880

177 dinky the Sneak (level 5, 0/24 HPs)
             Began as a Spriggan Enchanter on Aug 4, 2021.
             Slain by a bullfrog zombie (4 damage)
             ... in an ossuary.
             The game lasted 00:09:31 (1927 turns).

dinky the Sneak (Spriggan Enchanter)                Turns: 1927, Time: 00:09:31

Health: 0/24       AC:  2    Str:  4    XL:     5   Next: 31%
Magic:  10/19      EV: 17    Int: 17    God:
Gold:   83         SH:  0    Dex: 16    Spells: 1/9 levels left

rFire    . . .     SeeInvis +   a - +1 dagger (flame)
rCold    . . .     Faith    .   (shield restricted)
rNeg     . . .     Spirit   .   b - +0 robe
rPois    .         Reflect  .   (helmet restricted)
rElec    .         Harm     .   (no cloak)
rCorr    .         Rampage  .   (gloves unavailable)
Will     .....                  (boots unavailable)
Stlth    +++.......             (no amulet)
HPRegen  0.08/turn              d - ring of magical power
MPRegen  0.16/turn              (no ring)

@: confusing by touch, very quick
A: very small, no large weapons, unfitting armour, see invisible, speed 3
a: no special abilities


You were in an ossuary.
You visited 1 branch of the dungeon, and saw 5 of its levels.
You also visited: Ossuary.

You collected 83 gold pieces.

Inventory:

Hand Weapons
 a - a +1 dagger of flaming (weapon)
 k - a +0 hand axe of freezing
 m - a +1 falchion of holy wrath
 r - the +1 whip of Orpho {vorpal, rN+ Will++ Str+6}
   (You found it on level 5 of the Dungeon)

   It inflicts extra damage upon your enemies.
   Str:       It affects your strength (+6).
   rN:        It protects you from negative energy.
   Will:      It greatly increases your willpower.
Missiles
 f - a curare-tipped dart
 g - 76 stones
Armour
 b - a +0 robe (worn)
Jewellery
 d - a ring of magical power (left hand)
Wands
 h - a wand of paralysis (12)
Scrolls
 q - a scroll of noise
Potions
 p - 2 potions of magic


   Skills:
 + Level 3.4 Short Blades
 - Level 2.6 Dodging
 + Level 6.5 Stealth
 - Level 2.6 Spellcasting
 + Level 5.1 Hexes


You had one spell level left.
You knew the following spells:

 Your Spells              Type           Power      Damage    Failure   Level
b - Ensorcelled Hibernat  Hex/Ice        22%        N/A       10%         2
c - Confusing Touch       Hex            19%        N/A       7%          3
d - Tukima's Dance        Hex            19%        N/A       7%          3

Your spell library contained the following spells:

 Spells                   Type           Power      Damage    Failure   Level
 Corona                   Hex            21%        N/A       2%          1
 Magic Dart               Conj           8%         1d3       19%         1
 Dazzling Flash           Conj/Hex       22%        N/A       19%         3
 Searing Ray              Conj           4%         3d3       26%         2
 Fulminant Prism          Conj/Hex       5%         3d7       54%         4
 Olgreb's Toxic Radiance  Pois           2%         N/A       87%         4
 Ozocubu's Refrigeration  Ice            1%         4d5       100%        7
 Ignition                 Fire           1%         3d3       100%        8


Dungeon Overview and Level Annotations

Branches:
Dungeon (5/15)            Ossuary (1/1)
 Temple: D:4-7

Altars:
Qazlal


Innate Abilities, Weirdness & Mutations

You are very small and have problems with some larger weapons.
You are too small for most types of armour.
You have supernaturally acute eyesight. (SInv)
You cover ground extremely quickly. (Speed+++)


Message History

The spell is quite dangerous to cast (7% risk of failure)!
Continue anyway? [Y]es or [N]o only, please.
The spell is quite dangerous to cast (7% risk of failure)!
Continue anyway? [Y]es or [N]o only, please.
The spell is quite dangerous to cast (7% risk of failure)!
Continue anyway?
Your hands begin to glow red.
The bullfrog zombie hits you.
* * * LOW HITPOINT WARNING * * *
The bullfrog zombie hits you.
* * * LOW HITPOINT WARNING * * *
You hit the bullfrog zombie but do no damage.
The bullfrog zombie appears confused.
The bullfrog zombie is almost destroyed.
The bullfrog zombie closely misses the water moccasin zombie.
Okay, then.
Okay, then.
Okay, then.
Casting: Confusing Touch (quite dangerous; 7% risk of failure)
Confirm with . or Enter, or press ? or * to list all spells.
The spell is quite dangerous to cast (7% risk of failure)!
Continue anyway?
Your hands begin to glow red.
The bullfrog zombie hits the centaur zombie.
The bullfrog zombie misses you.
The bullfrog zombie completely misses you.
The bullfrog zombie hits you but does no damage.
The bullfrog zombie hits the centaur zombie.
The bullfrog zombie misses you. The bullfrog zombie misses you.
The bullfrog zombie hits the centaur zombie.
The bullfrog zombie misses you.
Your hands stop glowing.
The bullfrog zombie barely misses you. The bullfrog zombie misses you.
Casting: Confusing Touch (quite dangerous; 7% risk of failure)
Confirm with . or Enter, or press ? or * to list all spells.
The spell is quite dangerous to cast (7% risk of failure)!
Continue anyway?
Your hands begin to glow red.
The bullfrog zombie hits the centaur zombie.
The bullfrog zombie hits the hornet zombie.
The bullfrog zombie seems less confused.
The bullfrog zombie hits you.
You die...

### #.#
#+#+#M#+#'#+#+
Z.............
###Z#####.#####.
#@ZZ#...#.#
###Z'.∩.#Z#
+.#..∩#Z#
#Z#####.# +≈+ .'
#≈# .# ≈.# #.'
≈≈#


You could see a water moccasin zombie, a bullfrog zombie, a hornet zombie and a
centaur zombie.

Vanquished Creatures
  Terence (D:2)
  6 mummies (Ossuary)
  2 adders
  2 gnolls
  7 giant cockroaches
  3 goblins (D:3)
  5 hobgoblins (D:1)
  3 jackals (D:2)
  3 quokkas
  10 ball pythons
  3 bats
  A frilled lizard (D:3)
  2 kobolds (D:3)
  3 rats
51 creatures vanquished.

Vanquished Creatures (collateral kills)
  An orc (D:3)
1 creature vanquished.

Vanquished Creatures (others)
  2 dancing weapons (D:2)
  6 withered plants (Ossuary)
8 creatures vanquished.

Grand Total: 60 creatures vanquished

Notes
Turn   | Place    | Note
-------+----------+-------------------------------------------
     0 | D:1      | dinky the Spriggan Enchanter began the quest for the Orb.
     0 | D:1      | Reached XP level 1. HP: 9/9 MP: 5/5
   246 | D:1      | Reached XP level 2. HP: 2/13 MP: 3/6
   253 | D:1      | Learned a level 2 spell: Ensorcelled Hibernation
   260 | D:1      | Reached skill level 5 in Stealth
   483 | D:1      | Reached XP level 3. HP: 6/16 MP: 4/8
   559 | D:2      | Noticed Terence
   568 | D:2      | Killed Terence
   809 | D:2      | Learned a level 3 spell: Tukima's Dance
   993 | D:2      | Reached XP level 4. HP: 21/21 MP: 1/9
  1465 | D:4      | Found a stormy altar of Qazlal.
  1577 | D:5      | Entered Level 5 of the Dungeon
  1584 | D:5      | Identified the +1 whip of Orpho {vorpal, rN+ Will++ Str+6}
  1592 | D:5      | Identified a scroll of acquirement
  1592 | D:5      | Acquired a ring of magical power
  1597 | D:5      | Noticed a phantom
  1633 | D:5      | Learned a level 3 spell: Confusing Touch
  1639 | D:5      | Noticed a phantom
  1727 | D:5      | Noticed a phantom
  1788 | D:5      | Noticed a scorpion
  1792 | D:5      | Reached skill level 6 in Stealth
  1807 | D:5      | Found a sand-covered staircase.
  1812 | Ossuary  | Entered an ossuary
  1872 | Ossuary  | Reached XP level 5. HP: 20/24 MP: 10/10
  1875 | Ossuary  | Reached skill level 5 in Hexes
  1927 | Ossuary  | Slain by a bullfrog zombie

Illustrated notes

Levels and vault maps discovered:
D:1:      nagdon_arrival_double_spiral, layout_basic, minivault_11,
          minmay_tree_intersection, corexii_item_surrounded_by_moat
D:2:      layout_loops_corners, hellmonk_ecumenical_altar_inner_sanctum,
          uniq_terence
D:3:      layout_rooms
D:4:      layout_basic, nicolae_qazlal_eye_of_the_storm,
          minmay_temple_entry_offerings
D:5:      layout_cave_pods, enter_ossuary_5
Ossuary:  ossuary_zaba_flooded

Skill      XL: |  1  2  3  4  5 |
---------------+----------------+-----
Stealth        | 5 6 |  6.5
Hexes          | 4 5 |  5.1
Short Blades   | 2 3 |  3.4
Dodging        | |  2.6
Spellcasting   | |  2.6

Action                   |  1- 3 |  4- 6 || total
-------------------------+-------+-------++-------
Melee: Dagger            |    66 |    93 ||   159
       Unarmed           |       |    33 ||    33
Throw: Dart              |     2 |       ||     2
 Cast: Corona            |     9 |     4 ||    13
       Ensorcelled Hiber |    20 |    10 ||    30
       Tukima's Dance    |     2 |     1 ||     3
       Confusing Touch   |       |     7 ||     7
  Use: Potion            |       |     6 ||     6
       Scroll            |       |     4 ||     4
 Stab: Sleeping          |    18 |     9 ||    27
       Confused          |       |     7 ||     7
       Distracted        |       |     1 ||     1
Armor: Robe              |     7 |     8 ||    15
       Skin              |       |    15 ||    15
Dodge: Dodged            |    55 |    65 ||   120
